 Dungeon Crawl Stone Soup version 0.26-a0-1079-g3a4175ecf3 (webtiles) character file.

Game seed: 8824984067537532677

137 Conn the Firebug (level 5, -2/28 HPs)
             Began as a Deep Elf Fire Elementalist on Dec 14, 2020.
             Killed from afar by an orc wizard (10 damage)
             ... with a magic dart
             ... on level 3 of the Dungeon.
             The game lasted 00:03:01 (2741 turns).

Conn the Firebug (Deep Elf Fire Elementalist)       Turns: 2741, Time: 00:03:01

Health: -2/28      AC:  3    Str:  5    XL:     5   Next: 0%
Magic:  6/13       EV: 13    Int: 21    God:
Gold:   166        SH:  0    Dex: 15    Spells: 5/12 levels left

rFire    . . .     SeeInvis .   (no weapon)
rCold    . . .     Faith    .   (no shield)
rNeg     . . .     Spirit   .   a - +0 robe
rPois    .         Reflect  .   (no helmet)
rElec    .         Harm     .   h - +0 cloak
rCorr    .         Rampage  .   (no gloves)
Will     .....                  (no boots)
Stlth    ++........             (no amulet)
HPRegen  0.09/turn              (no ring)
MPRegen  0.13/turn              (no ring)

@: no status effects
A: no striking features
a: no special abilities


You were on level 3 of the Dungeon.
You visited 1 branch of the dungeon, and saw 3 of its levels.

You collected 166 gold pieces.

Inventory:

Missiles
 d - 6 poisoned darts (quivered)
Armour
 a - a +0 robe (worn)
 h - a +0 cloak (worn)
Scrolls
 c - 3 scrolls of teleportation {unknown}
 f - a scroll of random uselessness {unknown}
 g - 3 scrolls of identify {unknown}
 i - 2 scrolls of blinking {unknown}
 j - 3 scrolls of enchant armour {unknown}
 k - a scroll of enchant weapon {unknown}
Potions
 b - 3 potions of curing {unknown}
 e - 2 potions of heal wounds {unknown}


   Skills:
 + Level 2.8 Dodging
 + Level 2.7 Stealth
 + Level 4.0 Spellcasting
 * Level 3.1 Conjurations
 * Level 4.7 Fire Magic


You had 5 spell levels left.
You knew the following spells:

 Your Spells              Type           Power        Failure   Level
a - Foxfire               Conj/Fire      ###.         2%          1
b - Conjure Flame         Conj/Fire      ###.....     7%          3
c - Inner Flame           Hex/Fire       ##......     14%         3

Your spell library contained the following spells:

 Spells                   Type           Power        Failure   Level
 Sticky Flame             Conj/Fire      ###.....     24%         4
 Fireball                 Conj/Fire      ###.......   54%         5


Dungeon Overview and Level Annotations

Branches:
Dungeon (3/15)

Altars:
Okawaru


Message History

Your magical contamination has completely faded away.
Unknown command.
Casting: Foxfire (safe; 2% risk of failure)
Confirm with . or Enter, or press ? or * to list all spells.
You conjure some foxfire!
The foxfire hits the orc.
You kill the orc!
You have reached level 5!
The foxfire hits something!
The foxfire hits something.
Casting: Foxfire (safe; 2% risk of failure)
Confirm with . or Enter, or press ? or * to list all spells.
You conjure some foxfire!
The foxfire hits something.
A puff of flame appears from out of thin air!
The puff of flame hits you!
* * * LOW HITPOINT WARNING * * *
Unknown command.
Your foxfire dissipates!
A magic dart appears from out of thin air!
The magic dart hits you!
You die...

.$. .# .. #.# #.#
#.# #.. #.#
#.###.###
####.......
#......#.###
##..........####.#
#.....@#<........#
##.###.##..#####.#
###.###.##..#
#.....{.....#
#...........#
#.....^.....#
#..)####.#†## #.).
#...# #.o ...#


There were no monsters in sight!

Vanquished Creatures
  An orc wizard (D:3)
  A worker ant (D:2)
  2 adders (D:2)
  An ooze (D:1)
  A worm (D:2)
  7 dart slugs
  2 leopard geckos (D:2)
  2 orcs
  A ball python (D:1)
  3 bats
  2 giant cockroaches
  4 hobgoblins
  4 kobolds
  2 quokkas
  3 frilled lizards
  4 goblins
  7 rats
47 creatures vanquished.

Vanquished Creatures (others)
  183 foxfires
183 creatures vanquished.

Grand Total: 230 creatures vanquished

Notes
Turn   | Place    | Note
-------+----------+-------------------------------------------
     0 | D:1      | Conn the Deep Elf Fire Elementalist began the quest for the
                  | Orb.
     0 | D:1      | Reached XP level 1. HP: 10/10 MP: 6/6
   167 | D:1      | Reached XP level 2. HP: 15/15 MP: 6/8
   654 | D:1      | Reached XP level 3. HP: 19/19 MP: 6/9
   658 | D:1      | Learned a level 3 spell: Conjure Flame
   662 | D:1      | Learned a level 3 spell: Inner Flame
  1914 | D:2      | Found an iron altar of Okawaru.
  1920 | D:2      | Reached XP level 4. HP: 24/24 MP: 9/11
  2737 | D:3      | Reached XP level 5. HP: 16/28 MP: 6/13
  2741 | D:3      | Killed from afar by an orc wizard

Illustrated notes

Levels and vault maps discovered:
D:1:      lemuel_arrival_broad_hall, layout_basic
D:2:      layout_loops_corners, overflow_temple_1_default
D:3:      layout_basic, overflow_temple_1_default,
          chequers_ecumenical_altar_island, tgw_kikubaaqudgha

Skill      XL: |  1  2  3  4 |
---------------+-------------+-----
Fire Magic     | 4 |  4.7
Conjurations   | 2 3 |  3.1
Spellcasting   | 4 |  4.0
Dodging        | |  2.8
Stealth        | |  2.7

Action                   |  1- 3 |  4- 6 || total
-------------------------+-------+-------++-------
 Cast: Foxfire           |    75 |    33 ||   108
Armor: Robe              |     4 |     1 ||     5
Dodge: Dodged            |    21 |     9 ||    30

Table legend: (Time is in decaauts)
 A = Elapsed time spent in this place.
 B = Non-inter-level travel time spent in this place.
 C = Inter-level travel time spent in this place.
 D = Time resting spent in this place.
 E = Time spent auto-exploring this place.
 F = Levels seen in this place.
 G = Mean time per level.
                   A        B        C        D        E       F      G
               +--------+--------+--------+--------+--------+-----+--------+
         Total |   2740 |   2674 |     66 |    254 |   1901 |   3 |  913.3 |
       Dungeon |   2740 |   2674 |     66 |    254 |   1901 |   3 |  913.3 |
               +--------+--------+--------+--------+--------+-----+--------+

Top non-repeatable levels by time:
     D:2: 1626 daAuts
     D:1: 1074 daAuts
     D:3: 39 daAuts
